 Dungeon Crawl Stone Soup version 0.27.0-1-g7a089689b8 (webtiles) character file.

Game seed: 11125933953140741356

2417 ABBCCCDDDD the Carver (level 9, 0/70 HPs)
             Began as a Djinni Fighter on Aug 5, 2021.
             Was an Elder of Zin.
             Slain by a skeletal warrior (21 damage)
             ... led by a skeletal warrior
             ... on level 7 of the Dungeon.
             The game lasted 00:18:50 (9581 turns).

ABBCCCDDDD the Carver (Djinni Fighter)              Turns: 9581, Time: 00:18:50

Health: 0/70       AC: 12    Str: 18    XL:     9   Next: 76%
Gold:   310        EV:  9    Int: 10    God:    Zin [****..] SH:  9 Dex: 13

rFire    + + .     SeeInvis .   H - +0 spear (venom)
rCold    x . .     Faith    .   c - +0 kite shield
rNeg     . . .     Spirit   .   b - +0 scale mail
rPois    ∞         Reflect  .   z - +0 helmet
rElec    .         Harm     .   B - +2 cloak
rCorr    .         Rampage  .   w - +0 pair of gloves
Will     .....                  (boots unavailable)
Stlth    ..........             (no amulet)
HPRegen  0.21/turn              (no ring)
MPRegen  0.00/turn              (no ring)

@: flying
A: sickness immunity, fire resistance 2, cold vulnerability 1, float, innate
caster, hp casting, extra vitality 1
a: Renounce Religion, Recite, Vitalisation, Imprison, Donate Gold


You were on level 7 of the Dungeon.
You worshipped Zin.
Zin was greatly pleased with you.
You visited 1 branch of the dungeon, and saw 8 of its levels.

You collected 344 gold pieces.
You donated 34 gold pieces to Zin.

Inventory:

Hand Weapons
 a - a +0 long sword
 x - a +1 dagger of electrocution
 H - a +0 spear of venom (weapon)
Missiles
 l - 3 atropa-tipped darts
 u - 5 poisoned darts (quivered)
Armour
 b - a +0 scale mail (worn)
 c - a +0 kite shield (worn)
 h - a scarf of repulsion
 n - a +0 chain mail
 w - a +0 pair of gloves (worn)
 z - a +0 helmet (worn)
 B - a +2 cloak (worn)
 E - a +0 plate armour
 G - a +0 pair of boots
Scrolls
 e - 3 scrolls of identify {unknown}
 f - a scroll of noise {unknown}
 g - a scroll of enchant weapon {unknown}
 i - 2 scrolls of teleportation {unknown}
 k - 2 scrolls of fear
 q - a scroll of enchant armour {unknown}
 t - a scroll of summoning {unknown}
 y - 3 scrolls of magic mapping {unknown}
 C - a scroll of torment {unknown}
 D - a scroll of blinking {unknown}
 F - a scroll of immolation {unknown}
Potions
 d - a potion of brilliance {unknown}
 j - 4 potions of flight
 m - 2 potions of heal wounds
 o - a potion of attraction {unknown}
 p - 2 potions of haste {unknown}
 r - 3 potions of ambrosia {unknown}
 s - 2 potions of degeneration {unknown}
 v - a potion of mutation {unknown}
 A - a potion of lignification {unknown}


   Skills:
 + Level 8.1 Fighting
 + Level 8.2 Long Blades
 - Level 3.0 Armour
 - Level 5.0 Dodging
 - Level 3.0 Shields


You couldn't memorise any spells.
You knew the following spells:

 Your Spells              Type           Power      Damage    Failure   Level
a - Magic Dart            Conj           0%         1d3       99%         1
b - Ensorcelled Hibernat  Hex/Ice        0%         N/A       100%        2
c - Searing Ray           Conj           0%         3d3       100%        2
d - Iskenderun's Mystic   Conj/Tloc      0%         2d3       100%        4
Your spell library was empty.


Dungeon Overview and Level Annotations

Branches:
Dungeon (8/15)             Temple (0/1) D:7
   Lair: D:8-11

Altars:
Zin

Shops:
D:6 [

Annotations:
D:5 3 runed translucent doors, MisterFreud's ghost, amateur GrFi
D:7 3 runed translucent doors, RandomHacker's ghost, novice DECj
D:8 1 transporter, PeterMcNeter's ghost, novice VSFi


Innate Abilities, Weirdness & Mutations

You are immune to sickness and miasma.
You are immune to poison.
Your flesh is very heat resistant. (rF++)
You are vulnerable to cold. (rC-)
You float through the air rather than walking.
You learn spells naturally, not from books.
Your magical power is your life essence.
You have superior vitality. (+4 HP)


Message History

The gnoll hits you but does no damage.
The gnoll shouts!
A gnoll comes into view. It is wielding a +0 whip.
You kill the gnoll!
You see here a ring of ice.
You see here a book of Air.
The gnoll shaman shouts!
You block the gnoll's attack.
The gnoll shaman calls down the wrath of its god upon you.
You easily resist.
The gnoll shaman hits you with a +0 whip.
There is a stone staircase leading up here.
The gnoll shaman closely misses you. The gnoll hits you but does no damage.
You block the gnoll's attack.
You fly upwards.
Level annotation: 3 runed translucent doors, RandomHacker's ghost, novice DECj
There is a stone staircase leading down here.
You hit the gnoll.
The gnoll is moderately wounded.
The gnoll shaman hits you but does no damage.
You block the gnoll's attack.
The gnoll shaman hits you but does no damage.
You barely miss the gnoll.
The gnoll is moderately wounded.
You block the gnoll's attack.
You block the skeletal warrior's attack.
The gnoll shaman hits you but does no damage.
The gnoll barely misses you.
Okay, then.
You hit the gnoll.
The gnoll is heavily wounded.
The skeletal warrior hits you from afar with a +0 glaive!!
The gnoll shaman calls upon its god to speed up the gnoll.
The gnoll seems to speed up.
The gnoll hits you with a +0 flail.
* * * LOW HITPOINT WARNING * * *
As you read the scroll of fear, it crumbles to dust.
You assume a fearsome visage.
The gnoll shaman looks frightened!
The gnoll looks frightened!
The skeletal warrior is unaffected.
The skeletal warrior hits you from afar with a +0 glaive!!
You die...

## .# #.# .## ###.# ..# ..#.#
#.# #.#.# #o# #.#.# #z#
########.#g# #.z .........#.#
... .........g@# ##..
........z###### # ..
####.#........# # #.
#.#(.#####.########## . ..
#.#.................#
###.######.#.######.#######.##
..#........#......#.# #.#
.##.## #...z......#.# #.#
.##..# #.###.######.# #.#


You could see a skeletal warrior, a gnoll shaman (fleeing) and a gnoll (fast,
fleeing).

Vanquished Creatures
  Sigmund (D:6)
  A wyvern (D:7)
  A yak (D:7)
  A steam dragon (D:6)
  A hornet zombie (D:8)
  2 ice beasts
  A sky beast (D:5)
  A black bear (D:7)
  A centaur (D:5)
  2 ogres
  3 bullfrogs
  2 scorpions
  5 killer bees (D:7)
  A jelly (D:4)
  2 centaur zombies (D:7)
  A bullfrog zombie (D:5)
  3 hounds
  A gnoll shaman (D:5)
  4 iguanas
  An orc wizard (D:7)
  A howler monkey skeleton (D:7)
  6 adders
  8 gnolls
  2 white imps
  An ufetubus (D:4)
  3 dart slugs
  7 orcs (D:7)
  10 ball pythons
  6 endoplasms
  A giant cockroach (D:2)
  7 goblins
  3 hobgoblins
  3 jackals (D:4)
  8 kobolds
  2 quokkas
  9 bats
  5 frilled lizards
  7 rats
  A spectral kobold (D:1)
125 creatures vanquished.

Vanquished Creatures (others)
  6 plants (D:7)
6 creatures vanquished.

Grand Total: 131 creatures vanquished

Notes
Turn   | Place    | Note
-------+----------+-------------------------------------------
     0 | D:1      | ABBCCCDDDD the Djinni Fighter began the quest for the Orb.
     0 | D:1      | Reached XP level 1. HP: 20/20 MP: 0/0
   136 | D:1      | Reached XP level 2. HP: 25/25 MP: 0/0
   383 | D:1      | Found a faded altar of an unknown god.
   389 | D:1      | Became a worshipper of Zin the Law-Giver
   389 | D:1      | Reached * piety under Zin
   766 | D:1      | Reached XP level 3. HP: 25/30 MP: 0/0
   766 | D:1      | Learned a level 1 spell: Magic Dart
  1378 | D:2      | Reached ** piety under Zin
  1730 | D:2      | Reached XP level 4. HP: 28/35 MP: 0/0
  2314 | D:3      | Reached *** piety under Zin
  2400 | D:3      | Reached XP level 5. HP: 33/41 MP: 0/0
  2400 | D:3      | Learned a level 2 spell: Ensorcelled Hibernation
  2809 | D:4      | Noticed an ice beast
  2922 | D:4      | Noticed an ogre
  3085 | D:3      | Killed an ogre
  3455 | D:4      | Reached XP level 6. HP: 43/48 MP: 0/0
  3594 | D:3      | Killed an ice beast
  3595 | D:3      | Reached skill level 5 in Long Blades
  4123 | D:4      | Reached XP level 7. HP: 36/53 MP: 0/0
  4123 | D:4      | Learned a level 2 spell: Searing Ray
  4588 | D:5      | Entered Level 5 of the Dungeon
  4640 | D:5      | Reached skill level 5 in Fighting
  4853 | D:5      | Found a runed translucent gate.
  4853 | D:5      | Noticed MisterFreud's ghost (amateur GrFi)
  4854 | D:5      | Found a runed translucent gate.
  4854 | D:5      | Found a runed translucent gate.
  5396 | D:5      | Reached **** piety under Zin
  5415 | D:5      | Reached skill level 1 in Dodging
  5672 | D:6      | Noticed Sigmund
  5905 | D:6      | Killed Sigmund
  5906 | D:6      | Reached XP level 8. HP: 30/61 MP: 0/0
  6584 | D:6      | Found Xuuck's Antique Armour Emporium.
  7551 | D:7      | Reached XP level 9. HP: 24/67 MP: 0/0
  7551 | D:7      | Learned a level 4 spell: Iskenderun's Mystic Blast
  7768 | D:7      | Reached skill level 5 in Dodging
  7953 | D:7      | Noticed a skeletal warrior
  7953 | D:7      | Noticed a skeletal warrior
  7972 | D:7      | Noticed a skeletal warrior
  8870 | D:7      | Noticed a skeletal warrior
  9013 | D:8      | Found a transporter.
  9013 | D:8      | Noticed PeterMcNeter's ghost (novice VSFi)
  9014 | D:8      | Noticed a two-headed ogre
  9064 | D:7      | Found a runed translucent gate.
  9064 | D:7      | Found a runed translucent gate.
  9065 | D:7      | Found a runed translucent gate.
  9065 | D:7      | Noticed RandomHacker's ghost (novice DECj)
  9470 | D:7      | Found a staircase to the Ecumenical Temple.
  9581 | D:7      | Slain by a skeletal warrior

Illustrated notes

Levels and vault maps discovered:
D:1:      enne_arrival_octagon_isle, layout_basic,
          dreamdust_ecumenical_altar_drowned_temple
D:2:      layout_basic, chequers_serial_rivers_room_a, minmay_snake_closets
D:3:      layout_basic, ebering_dispersal_statue_hall
D:4:      minmay_angry_zag, layout_basic
D:5:      layout_basic, gammafunk_ghost_split
D:6:      layout_gridville, serial_shops, kennysheep_mini_moat,
          item_on_display_a, uniq_sigmund
D:7:      layout_basic, minmay_temple_entry_gardened_gates,
          gammafunk_ghost_split
D:8:      layout_cave_pools, gammafunk_ghost_arena,
          hangedman_abyss_or_decor_slice, minmay_misc_feat_secret_circle

Skill      XL: |  1  2  3  4  5  6  7  8  9 |
---------------+----------------------------+-----
Long Blades    | 2 3 4 5 6 7 8 |  8.2
Fighting       | 4 5 6 8 |  8.1
Dodging        | 2 4 5 |  5.0
Armour         | |  3.0
Shields        | |  3.0

Action                   |  1- 3 |  4- 6 |  7- 9 || total
-------------------------+-------+-------+-------++-------
Melee: Long sword        |   136 |    88 |    18 ||   242
       Dagger            |       |    38 |   337 ||   375
       Spear             |       |       |     7 ||     7
Throw: Dart              |       |    12 |    38 ||    50
  Use: Potion            |       |       |     3 ||     3
       Scroll            |       |       |     2 ||     2
Armor: Scale mail        |    31 |       |    85 ||   116
       Chain mail        |    47 |    71 |    94 ||   212
Dodge: Dodged            |    36 |    37 |    97 ||   170
Block: Kite shield       |    83 |    76 |   166 ||   325
       Rpst.: Long sword |     7 |    11 |     3 ||    21
